[Event "CZE-ch Open 2019"]
[Site "Ostrava"]
[Date "2019.05.03"]
[Round "7.1"]
[White "Kislinsky, Alexey"]
[Black "Cernousek, Lukas"]
[Result "0-1"]
[ECO "C39"]
[WhiteElo "2429"]
[BlackElo "2438"]
[Annotator "RC"]
[PlyCount "60"]
[EventDate "2019.04.27"]
[EventType "swiss"]
[EventCountry "CZE"]
[SourceTitle "playchess.com"]
[Source "ChessBase"]
[SourceQuality "1"]
[TimeControl "40/5400+30:1800+30"]

1. e4 e5 2. f4 exf4 3. Nf3 g5 4. h4 g4 5. Ne5 Nf6 6. Nxg4 Nxe4 7. d3 Ng3 8. Bxf4 Nxh1 9. Qe2+ Qe7 10. Nf6+ Kd8 11. Bxc7+ Kxc7 12. Nd5+ Kd8 13. Nxe7 Bxe7 14. Qg4 d6 15. Qf4 Rg8 16. Qxf7 Re8 17. Na3 Bxh4+ 18. Kd2 Bg5+ 19. Kc3 Bd7 20. Nc4 Kc7 21. Qd5 Bf4 22. Qa5+ b6 23. Qh5 b5 24. Na5 b4+ 25. Kb3 Na6 26. Qxh1 Nc5+ 27. Kxb4 Rab8+ 28. Kc4 d5+ 29. Kc3 Na4+ 30. Kd4 Be3+ 0-1

[Event "CZE-ch Open 2019"]
[Site "Ostrava"]
[Date "2019.05.03"]
[Round "7.6"]
[White "Kriebel, Tadeas"]
[Black "Zwardon, Vojtech"]
[Result "1/2-1/2"]
[ECO "B36"]
[WhiteElo "2514"]
[BlackElo "2458"]
[Annotator "RC"]
[PlyCount "127"]
[EventDate "2019.04.27"]
[EventType "swiss"]
[EventCountry "CZE"]
[SourceTitle "playchess.com"]
[Source "ChessBase"]
[SourceQuality "1"]
[TimeControl "40/5400+30:1800+30"]

1. e4 c5 2. Nf3 Nc6 3. d4 cxd4 4. Nxd4 g6 5. c4 Nf6 6. Nc3 Nxd4 7. Qxd4 d6 8. Be3 Bg7 9. Be2 O-O 10. Qd3 Be6 11. Bd4 Rc8 12. b3 Nd7 13. Bxg7 Kxg7 14. O-O Kg8 15. Kh1 Qa5 16. f4 f5 17. exf5 Bxf5 18. Qd5+ Qxd5 19. Nxd5 Rf7 20. Bf3 Nc5 21. Rfe1 e6 22. Ne3 a5 23. Nxf5 gxf5 24. Rad1 Rd8 25. Re3 Kg7 26. a3 Kf6 27. h3 Re7 28. g4 h6 29. Kh2 fxg4 30. hxg4 e5 31. Rd5 e4 32. b4 axb4 33. axb4 Nd3 34. Rxe4 Rxe4 35. Bxe4 Nxb4 36. Rf5+ Kg7 37. Rb5 Re8 38. Rxb7+ Kf8 39. Bf5 Nc6 40. Rh7 Re2+ 41. Kh3 Nd4 42. Rxh6 Re3+ 43. Kh4 Nxf5+ 44. gxf5 Rc3 45. Kg5 Rxc4 46. Kg6 Rxf4 47. Rh8+ Ke7 48. Rh7+ Ke8 49. Kf6 Re4 50. Ra7 d5 51. Ra8+ Kd7 52. Kg6 Rg4+ 53. Kf7 d4 54. Ra4 Kc6 55. f6 Kb5 56. Ra1 Rf4 57. Ke6 d3 58. Ke5 Rf2 59. Rd1 Kc4 60. Ke6 d2 61. f7 Kd3 62. Rxd2+ Kxd2 63. Ke7 Rxf7+ 64. Kxf7 1/2-1/2

[Event "CZE-ch Open 2019"]
[Site "Ostrava"]
[Date "2019.05.03"]
[Round "7.12"]
[White "Worek, Joanna"]
[Black "Miesbauer, Jan"]
[Result "0-1"]
[ECO "B83"]
[WhiteElo "2299"]
[BlackElo "2402"]
[Annotator "ChessBase"]
[PlyCount "108"]
[EventDate "2019.04.27"]
[EventType "swiss"]
[EventCountry "CZE"]
[SourceTitle "playchess.com"]
[Source "ChessBase"]
[SourceQuality "1"]
[TimeControl "40/5400+30:1800+30"]

1. e4 c5 2. Nf3 Nc6 3. d4 cxd4 4. Nxd4 e6 5. Nc3 d6 6. Be2 Nf6 7. O-O Be7 8. Be3 O-O 9. f4 a6 10. Kh1 Qc7 11. a4 Nxd4 12. Qxd4 e5 13. Qd2 exf4 14. Bxf4 Be6 15. Rad1 Rad8 16. Qe3 Nd7 17. Bd3 Bf6 18. Qg3 Be5 19. Ne2 Qc6 20. b3 Nc5 21. Bxe5 dxe5 22. Qxe5 Nxd3 23. Rxd3 Qxc2 24. Rxd8 Rxd8 25. Nf4 Qd1 26. Kg1 Qd4+ 27. Qxd4 Rxd4 28. Nxe6 fxe6 29. Rc1 Rb4 30. Rc3 b6 31. e5 Kf7 32. Kf2 h5 33. h3 Kg6 34. Rf3 h4 35. g4 Kg5 36. Kg2 Re4 37. a5 bxa5 38. Rc3 Rxe5 39. Kf3 Rb5 40. Ke4 Kf6 41. Rf3+ Ke7 42. Rd3 Rb4+ 43. Ke5 a4 44. bxa4 Rxa4 45. g5 Ra5+ 46. Kf4 g6 47. Rc3 e5+ 48. Ke4 Kd6 49. Rc4 Rb5 50. Rc8 Rb4+ 51. Ke3 Ke6 52. Rf8 Rf4 53. Ra8 Kf5 54. Rxa6 Rb4 {[%emt 0:00:28] Kd4} 0-1

[Event "CZE-ch Open 2019"]
[Site "Ostrava"]
[Date "2019.05.03"]
[Round "7.13"]
[White "Liska, Jiri"]
[Black "Mrazek, Lumir"]
[Result "0-1"]
[ECO "B50"]
[WhiteElo "2236"]
[BlackElo "2364"]
[Annotator "NA"]
[PlyCount "66"]
[EventDate "2019.04.27"]
[EventType "swiss"]
[EventCountry "CZE"]
[SourceTitle "playchess.com"]
[Source "ChessBase"]
[SourceQuality "1"]
[TimeControl "40/5400+30:1800+30"]

1. e4 c5 2. Nf3 d6 3. c3 Nf6 4. Be2 Nc6 5. d4 cxd4 6. cxd4 d5 7. e5 Ne4 8. O-O Bg4 9. h3 Bh5 10. g4 Bg6 11. Qb3 Qd7 12. e6 Qxe6 13. Qxb7 Rb8 14. Qa6 Rb6 15. Qa4 Rb4 16. Qa6 Rb6 17. Qa4 f6 18. Bf4 Rb4 19. Qa3 Kf7 20. Rc1 a5 21. Qe3 h5 22. g5 Rxb2 23. Na3 Bf5 24. h4 Bg4 25. Rc2 Rxc2 26. Nxc2 Qf5 27. Rd1 e6 28. Nce1 e5 29. Bh2 Nxd4 30. Nxd4 exd4 31. Rxd4 Bxe2 32. Qxe2 Bc5 33. Rxe4 Qxe4 0-1

[Event "CZE-ch Open 2019"]
[Site "Ostrava"]
[Date "2019.05.03"]
[Round "7.14"]
[White "Jasny, Stanislav"]
[Black "Belunek, Vladimir"]
[Result "1/2-1/2"]
[ECO "D43"]
[WhiteElo "2347"]
[BlackElo "2201"]
[Annotator "NA"]
[PlyCount "109"]
[EventDate "2019.04.27"]
[EventType "swiss"]
[EventCountry "CZE"]
[SourceTitle "playchess.com"]
[Source "ChessBase"]
[SourceQuality "1"]
[TimeControl "40/5400+30:1800+30"]

1. d4 d5 2. c4 c6 3. Nf3 Nf6 4. Nc3 e6 5. Bg5 Nbd7 6. cxd5 exd5 7. e3 Be7 8. Bd3 O-O 9. Qc2 Re8 10. O-O Nf8 11. Ne5 Ng4 12. Bxe7 Qxe7 13. Nxg4 Bxg4 14. Rfe1 Qd6 15. Ne2 $146 {[%emt 0:02:45] D36: Queen's Gambit Declined: Exchange Variation: Main line (5 Bg5 c6 6 Qc2)} ({Predecessor:} 15. Rab1 Re6 16. b4 Rae8 17. b5 Rh6 18. f4 c5 19. Qf2 cxd4 20. exd4 Rhe6 21. Re5 Qa3 22. Qg3 f5 23. Nxd5 Qxa2 {½-½ (44) Gormally,D (2479)-Maciol,R (2245) England 2010}) 15... Bh5 16. Nf4 Bg6 17. Nxg6 hxg6 18. Rab1 a5 19. Rec1 Nd7 20. Qc3 Ra7 21. g3 Nf6 22. Qc5 Qxc5 23. Rxc5 Ne4 24. Bxe4 Rxe4 25. b3 Re6 26. Rbc1 Kf8 27. a3 Ra6 28. h4 Ke7 29. Kg2 Kd7 30. Kf3 Ra8 31. Ke2 f6 32. Kd3 Ra7 33. Rh1 Re8 34. f3 b6 35. Rc2 Kd6 36. h5 Rh8 37. Rhc1 Rc7 38. hxg6 Rh6 39. g4 Rxg6 40. Rh1 Rc8 41. Rh5 Rg5 42. Rxg5 fxg5 43. Rh2 Ke6 44. Rh5 Kf6 45. f4 gxf4 46. Rf5+ Ke6 47. exf4 Rh8 48. Re5+ Kf7 49. b4 Rh3+ 50. Re3 Rh4 51. bxa5 bxa5 52. Rg3 Rh2 53. Kc3 Ra2 $15 54. Kb3 Rd2 55. Kc3 1/2-1/2

[Event "CZE-ch Open 2019"]
[Site "Ostrava"]
[Date "2019.05.03"]
[Round "7.15"]
[White "Babula, Milan"]
[Black "Rubes, Jan"]
[Result "1/2-1/2"]
[ECO "B32"]
[WhiteElo "2204"]
[BlackElo "2345"]
[Annotator "ChessBase"]
[PlyCount "158"]
[EventDate "2019.04.27"]
[EventType "swiss"]
[EventCountry "CZE"]
[SourceTitle "playchess.com"]
[Source "ChessBase"]
[SourceQuality "1"]
[TimeControl "40/5400+30:1800+30"]

1. e4 c5 2. Nf3 Nc6 3. d4 cxd4 4. Nxd4 e5 5. Nb5 d6 6. a4 a6 7. N5c3 Be7 8. Bc4 Nf6 9. O-O O-O 10. Na3 Be6 11. Re1 Rb8 12. Bg5 Ne8 13. Bxe7 Nxe7 14. Nd5 Ng6 15. c3 Qg5 16. Qc1 Qh4 17. g3 Qd8 18. Qd2 Kh8 19. Rad1 Bxd5 20. Bxd5 Qd7 21. a5 Nf6 22. Nc4 Rbd8 23. Ne3 Ne7 24. f3 Qc7 25. c4 Nfxd5 26. cxd5 f5 27. Rc1 Qd7 28. Rf1 fxe4 29. fxe4 Ng8 30. Rxf8 Rxf8 31. Qb4 Nf6 32. Rf1 Kg8 33. Nf5 Ne8 34. Ne3 Rxf1+ 35. Kxf1 Qc7 36. Kf2 Nf6 37. Ke2 g6 38. g4 h5 39. h3 hxg4 40. hxg4 Qd7 41. Kf3 Qf7 42. Ke2 Qd7 43. Kf3 Nh7 44. Ke2 Ng5 45. Kd3 Kg7 46. Nc4 Nf7 47. Ne3 Kf6 48. Ke2 Kg5 49. Kf3 Qc8 50. Qe1 Qh8 51. Qc1 Kf6 52. Qc7 Qh2 53. Ng2 Ng5+ 54. Kf2 Nxe4+ 55. Ke3 Qg3+ 56. Kxe4 Qxg2+ 57. Ke3 Qxd5 58. Qd8+ Kg7 59. g5 Qb3+ 60. Ke4 Qf7 61. b4 Kh7 62. Ke3 d5 63. Ke2 Kg7 64. Ke3 Qf4+ 65. Ke2 Qf7 66. Ke3 d4+ 67. Kd3 Qf5+ 68. Kc4 Qf7+ 69. Kd3 Kh7 70. Ke2 Kg7 71. Kd3 Qf5+ 72. Kc4 d3 73. Kc3 e4 74. Qe7+ Kg8 75. Qe8+ Qf8 76. Qxe4 Qd6 77. Qxb7 d2 78. Qa8+ Kg7 79. Qb7+ Kg8 1/2-1/2

[Event "CZE-ch Open 2019"]
[Site "Ostrava"]
[Date "2019.05.03"]
[Round "7.16"]
[White "Blatny, Pavel"]
[Black "Zeman, Matyas"]
[Result "1-0"]
[ECO "A00"]
[WhiteElo "2326"]
[BlackElo "2244"]
[Annotator "NA"]
[PlyCount "71"]
[EventDate "2019.04.27"]
[EventType "swiss"]
[EventCountry "CZE"]
[SourceTitle "playchess.com"]
[Source "ChessBase"]
[SourceQuality "1"]
[TimeControl "40/5400+30:1800+30"]

1. e3 Nf6 2. b3 e5 3. Bb2 d6 4. c4 g6 5. Nc3 Bg7 6. Nge2 O-O 7. g3 Nc6 8. Bg2 Bd7 9. O-O Qc8 10. Nd5 Bh3 11. Bxh3 Qxh3 12. Nef4 Qd7 13. Nxf6+ Bxf6 14. Nd5 Bg7 15. f4 Ne7 16. Nxe7+ Qxe7 17. f5 Qg5 18. Qc2 Rfe8 19. Rf2 Rad8 20. Raf1 c6 21. Kg2 Rd7 22. Qe4 a6 23. h4 d5 24. cxd5 cxd5 25. Qa4 Qd8 26. h5 gxf5 27. Rxf5 Re6 28. Qg4 Qe8 29. Bxe5 f6 30. Bxf6 Re4 31. Qf3 h6 32. Bxg7 Kxg7 33. Rf6 Re5 34. Rg6+ Kh7 35. g4 d4 36. Qf6 1-0

[Event "CZE-ch Open 2019"]
[Site "Ostrava"]
[Date "2019.05.03"]
[Round "7.17"]
[White "Vybiral, Zdenek"]
[Black "Stocek, Jiri"]
[Result "0-1"]
[ECO "E29"]
[WhiteElo "2274"]
[BlackElo "2563"]
[Annotator "ChessBase"]
[PlyCount "44"]
[EventDate "2019.04.27"]
[EventType "swiss"]
[EventCountry "CZE"]
[SourceTitle "playchess.com"]
[Source "ChessBase"]
[SourceQuality "1"]
[TimeControl "40/5400+30:1800+30"]

1. d4 Nf6 2. c4 e6 3. Nc3 Bb4 4. e3 c5 5. a3 Bxc3+ 6. bxc3 Nc6 7. Bd3 O-O 8. Ne2 b6 9. e4 Ne8 10. O-O Ba6 11. f4 f5 12. e5 Na5 13. d5 d6 14. g4 dxe5 15. fxe5 Bxc4 16. gxf5 Qxd5 17. Bxc4 Qxc4 18. Rf4 Qb3 19. Qd7 exf5 20. c4 Rf7 21. Qd5 Nc7 22. Qg2 Re8 0-1

[Event "CZE-ch Open 2019"]
[Site "Ostrava"]
[Date "2019.05.03"]
[Round "7.19"]
[White "Ockay, Tomas"]
[Black "Vokac, Marek"]
[Result "1/2-1/2"]
[ECO "A04"]
[WhiteElo "2131"]
[BlackElo "2343"]
[Annotator "ChessBase"]
[PlyCount "147"]
[EventDate "2019.04.27"]
[EventType "swiss"]
[EventCountry "CZE"]
[SourceTitle "playchess.com"]
[Source "ChessBase"]
[SourceQuality "1"]
[TimeControl "40/5400+30:1800+30"]

1. Nf3 g6 2. d4 Bg7 3. g3 c5 4. c3 cxd4 5. cxd4 d5 6. Bg2 Nc6 7. O-O e6 8. Nc3 Nge7 9. b3 O-O 10. Bb2 b6 11. Rc1 Ba6 12. Re1 Rc8 13. Ba3 Re8 14. e3 Nf5 15. Bf1 Bxf1 16. Kxf1 h5 17. h4 Qd7 18. Kg2 Red8 19. Ne2 Qb7 20. Qd3 Nb8 21. Nf4 Qa6 22. Qxa6 Nxa6 23. Nd3 f6 24. Kf1 Nc7 25. Ke2 Nb5 26. Bb2 Nbd6 27. Nd2 Kf7 28. Rxc8 Rxc8 29. Rc1 Rxc1 30. Bxc1 g5 31. hxg5 fxg5 32. Kf3 g4+ 33. Ke2 Bh6 34. Ne5+ Ke8 35. Ba3 Nf7 36. Ng6 Kd7 37. Nf8+ Bxf8 38. Bxf8 Ng5 39. Bb4 h4 40. gxh4 Nxh4 41. Nf1 a5 42. Be1 Ngf3 43. Bc3 Nf5 44. Nd2 Nxd2 45. Bxd2 Nh4 46. Kd3 Nf3 47. Bc3 Ng5 48. Be1 Ne4 49. Ke2 Ng5 50. Kd3 Kc6 51. a4 Kd7 52. Bc3 Ne4 53. Be1 Kc6 54. Ke2 Ng5 55. Bd2 Kd6 56. Be1 Kc6 57. Bc3 Kb7 58. Be1 Ka6 59. Kd3 b5 60. axb5+ Kxb5 61. Ke2 a4 62. bxa4+ Kxa4 63. Kd3 Kb3 64. Ba5 Ne4 65. Ke2 Kc2 66. f3 gxf3+ 67. Kxf3 Kd3 68. Bc7 Nd2+ 69. Kf2 Nc4 70. Bf4 Na3 71. Kf3 Nc2 72. Bh6 Nb4 73. Bf4 Nc6 74. Bd6 {[%emt 0:00:23] Ke4+ Kxe4} 1/2-1/2

[Event "CZE-ch Open 2019"]
[Site "Ostrava"]
[Date "2019.05.03"]
[Round "7.20"]
[White "Taus, Martin"]
[Black "Svanda, Ondrej"]
[Result "1/2-1/2"]
[ECO "B22"]
[WhiteElo "2104"]
[BlackElo "2309"]
[Annotator "NA"]
[PlyCount "85"]
[EventDate "2019.04.27"]
[EventType "swiss"]
[EventCountry "CZE"]
[SourceTitle "playchess.com"]
[Source "ChessBase"]
[SourceQuality "1"]
[TimeControl "40/5400+30:1800+30"]

1. e4 c5 2. c3 Nf6 3. e5 Nd5 4. d4 cxd4 5. cxd4 e6 6. Nc3 Nxc3 7. bxc3 Qc7 8. Qb3 b6 9. Ba3 d6 10. Bb5+ Bd7 11. Nf3 Be7 12. O-O O-O 13. Bxd7 Nxd7 14. Qb4 a5 15. Qb5 Rfe8 16. Rab1 Rab8 17. Rfc1 Bf8 18. h3 Red8 19. exd6 Bxd6 20. Bxd6 Qxd6 21. c4 h6 22. Qa6 Qc7 23. Qb5 Rbc8 24. Rc2 Qd6 25. a4 Rc6 26. c5 bxc5 27. Qxa5 Rdc8 28. dxc5 Rxc5 29. Rxc5 Rxc5 30. Qa7 Qc6 31. a5 Qa4 32. a6 Ra5 33. Qa8+ Kh7 34. Qe8 Ne5 35. Qxa4 Nxf3+ 36. gxf3 Rxa4 37. Rb7 Rxa6 38. Rxf7 Kg6 39. Rf8 e5 40. Kg2 Rf6 41. Ra8 Kf5 42. Ra4 Rg6+ 43. Kh2 1/2-1/2

[Event "CZE-ch Open 2019"]
[Site "Ostrava"]
[Date "2019.05.03"]
[Round "7.21"]
[White "Malik, Jan"]
[Black "Havelka, Ondrej"]
[Result "1-0"]
[ECO "C00"]
[WhiteElo "2286"]
[BlackElo "2156"]
[Annotator "NA"]
[PlyCount "89"]
[EventDate "2019.04.27"]
[EventType "swiss"]
[EventCountry "CZE"]
[SourceTitle "playchess.com"]
[Source "ChessBase"]
[SourceQuality "1"]
[TimeControl "40/5400+30:1800+30"]

1. e4 e6 2. d3 d5 3. Nd2 Nf6 4. Ngf3 b6 5. g3 dxe4 6. dxe4 Bb7 7. Qe2 Nc6 8. a3 a5 9. Bg2 Ba6 10. c4 e5 11. O-O Bc5 12. Rb1 Qe7 13. h3 O-O 14. Re1 Rfd8 15. Nf1 a4 16. Ne3 Na5 17. Nf5 Qe6 18. Ng5 Qxc4 19. Qf3 Nc6 20. Be3 Bxe3 21. Nxe3 Qb3 22. Nd5 Qxf3 23. Nxf3 Nxd5 24. exd5 Nd4 25. Nxe5 f6 26. Nf3 Nxf3+ 27. Bxf3 Re8 28. d6 Rxe1+ 29. Rxe1 Rd8 30. dxc7 Rd2 31. Re8+ Kf7 32. Ra8 Rxb2 33. Rxa6 Rc2 34. Ra7 Ke6 35. Bb7 Rxc7 36. Bd5+ Kd6 37. Rxc7 Kxc7 38. Bg8 h6 39. Kf1 Kd6 40. Ke2 Kc5 41. Kd3 Kb5 42. Kd4 Ka5 43. Be6 Ka6 44. Kc4 Ka5 45. Bd7 1-0

[Event "CZE-ch Open 2019"]
[Site "Ostrava"]
[Date "2019.05.03"]
[Round "7.22"]
[White "Otruba, Marek"]
[Black "Obsivac, Josef"]
[Result "1/2-1/2"]
[ECO "A40"]
[WhiteElo "2103"]
[BlackElo "2285"]
[Annotator "NA"]
[PlyCount "136"]
[EventDate "2019.04.27"]
[EventType "swiss"]
[EventCountry "CZE"]
[SourceTitle "playchess.com"]
[Source "ChessBase"]
[SourceQuality "1"]
[TimeControl "40/5400+30:1800+30"]

1. d4 Nf6 2. c4 e6 3. g3 Bb4+ 4. Bd2 a5 5. Bg2 d6 (5... O-O 6. Nf3 b6 7. O-O Bb7 8. Bf4 Be7 9. Nc3 Ne4 10. Nb5 c6 11. Nc7 Ra7 12. Qb3 d6 13. c5 Qxc7 14. cxb6 a4 15. bxc7 axb3 16. cxb8=Q Rxb8 17. axb3 Rba8 18. Rxa7 Rxa7 {½-½ (37) Jakovenko,D (2719)-Rapport,R (2726) Shenzhen 2019}) 6. e4 {[%emt 0:00:10] E00: Catalan Bogo-Indian (3 g3 Bb4+)} Nbd7 7. Nc3 e5 8. Nge2 exd4 9. Nxd4 O-O 10. O-O Re8 $146 ({Predecessor:} 10... Ne5 11. b3 Bc5 12. Nf5 Bxf5 13. exf5 {1-0 (34) Epishin,V (2549)-Brzezinski,A (2224) Vaxjo 2016}) 11. Re1 Ne5 12. b3 Nd3 13. Rf1 c6 14. Qc2 Ne5 15. h3 Bc5 16. Nf5 Bxf5 17. exf5 Qc7 18. Kh2 h6 19. f4 Ned7 20. Rad1 Rad8 21. Na4 Ba3 22. Rfe1 Kf8 23. g4 Rxe1 24. Bxe1 Re8 25. Bg3 Qd8 26. Bf2 Kg8 27. Bf3 Qe7 28. Re1 Qd8 29. Rxe8+ Nxe8 30. Qd3 Qe7 31. Qe3 Qxe3 32. Bxe3 Nc5 33. Nxc5 Bxc5 34. Bxc5 dxc5 35. Kg3 Kf8 36. g5 f6 37. Kg4 Nd6 38. h4 a4 39. Bd1 a3 40. Bc2 Nf7 41. Be4 Ke7 42. Bd3 hxg5 43. hxg5 fxg5 44. Bc2 gxf4 45. Kxf4 Kf6 46. Bd3 Nd6 47. Bb1 Nf7 $2 (47... b5 $19 48. Bd3 bxc4 49. bxc4 Nb7) 48. Bd3 Ne5 49. Be2 g6 50. fxg6 Nxg6+ 51. Ke4 Ne5 52. Kf4 Ke6 53. Ke4 Kd6 54. Ke3 Kc7 55. Ke4 Nd7 56. Kd3 Kb6 57. Kc3 Ka5 58. Bg4 Ne5 59. Bc8 b5 60. Be6 Nf3 61. Bd7 Nd4 ({Better is} 61... b4+ $17 62. Kc2 Nd4+ 63. Kb1 Kb6) 62. cxb5 cxb5 63. b4+ Kb6 64. bxc5+ (64. Be8 $11 {keeps the balance.}) 64... Kxc5 65. Bxb5 Nxb5+ 66. Kc2 Kc4 $19 67. Kb1 Kd3 68. Ka1 Nc3 1/2-1/2

[Event "CZE-ch Open 2019"]
[Site "Ostrava"]
[Date "2019.05.03"]
[Round "7.23"]
[White "Neumann, Filip"]
[Black "Vrana, Frantisek"]
[Result "0-1"]
[ECO "A08"]
[WhiteElo "2076"]
[BlackElo "2267"]
[Annotator "NA"]
[PlyCount "64"]
[EventDate "2019.04.27"]
[EventType "swiss"]
[EventCountry "CZE"]
[SourceTitle "playchess.com"]
[Source "ChessBase"]
[SourceQuality "1"]
[TimeControl "40/5400+30:1800+30"]

1. e4 e6 2. d3 d5 3. Nd2 c5 4. g3 Nc6 5. Bg2 Nf6 6. Ngf3 Be7 7. O-O O-O 8. Re1 b5 9. e5 Nd7 10. Nf1 b4 11. h4 a5 12. N1h2 a4 13. a3 bxa3 14. bxa3 Rb8 15. Ng4 Ba6 16. Bf4 Rb2 17. Ng5 Nd4 18. Ne3 Qe8 19. c4 dxc4 20. dxc4 Rb3 21. Be4 f5 22. exf6 Nxf6 23. Nc2 Nxe4 24. Rxe4 Bxg5 25. Nxd4 cxd4 26. hxg5 d3 27. Bd6 Qc6 28. Bxf8 Qxe4 29. Bb4 Bb7 30. f3 Qe3+ 31. Kf1 Rb2 32. Be1 Bxf3 0-1

[Event "CZE-ch Open 2019"]
[Site "Ostrava"]
[Date "2019.05.03"]
[Round "7.24"]
[White "Freisler, Pavel"]
[Black "Kana, Pavel"]
[Result "1-0"]
[ECO "A06"]
[WhiteElo "2245"]
[BlackElo "2013"]
[Annotator "NA"]
[PlyCount "129"]
[EventDate "2019.04.27"]
[EventType "swiss"]
[EventCountry "CZE"]
[SourceTitle "playchess.com"]
[Source "ChessBase"]
[SourceQuality "1"]
[TimeControl "40/5400+30:1800+30"]

1. Nf3 d5 2. g3 Nf6 3. Bg2 Bf5 4. c4 c6 5. cxd5 cxd5 6. Qb3 Qb6 7. Qxb6 axb6 8. Nc3 Nc6 9. d3 e5 {[%emt 0:06:51] A11: English Opening: 1...c6} 10. O-O Be7 (10... h6 11. Nxd5 Nxd5 12. e4 Be6 13. exd5 Bxd5 14. Nxe5 Bxg2 15. Kxg2 Nxe5 16. Re1 Bd6 17. d4 {½-½ (50) Piorun,K (2634)-Abdusattorov,N (2546) St Petersburg 2018}) 11. Bg5 Be6 12. Nd2 Rd8 13. Nb5 O-O 14. f4 $146 ({Predecessor:} 14. Nb3) 14... Ng4 15. Bxe7 Nxe7 16. fxe5 Nxe5 17. Nd4 N7c6 18. N2b3 Rfe8 19. Rac1 Ra8 20. a3 Rad8 21. h3 Ra8 22. Nb5 Rad8 23. N3d4 Re7 24. Rc3 h6 25. Rfc1 Kf8 26. Kf2 Ke8 27. R3c2 Kf8 28. Ke1 Ke8 29. Kd2 Kf8 30. Rf1 Kg8 31. h4 Bg4 32. Rf4 Bc8 33. Nf3 Ng6 34. Ra4 Na5 35. Nbd4 Nf8 36. Rb4 Nd7 37. Bh3 Nc5 38. Bxc8 Rxc8 39. Rxb6 Ne4+ 40. dxe4 Nc4+ 41. Rxc4 dxc4 42. e5 Rc5 43. Kc3 g6 {[%emt 0:00:59] [#]} 44. h5 $1 Kh7 45. hxg6+ fxg6 46. Rb4 g5 47. g4 b5 48. Rxb5 Rxb5 49. Nxb5 h5 50. gxh5 g4 51. Nh4 Rxe5 52. Nd4 Kh6 53. Kxc4 Rxh5 54. Nhf5+ Kg5 55. b4 Rh3 56. b5 Rxa3 57. b6 Ra8 58. Kc5 Rc8+ 59. Kd6 Kf4 60. Kd7 (60. b7 $142 Rh8 61. Nc6) 60... Rh8 61. b7 Rb8 62. Kc7 Rxb7+ 63. Kxb7 g3 {[%emt 0:00:31] [#]} 64. Nxg3 $1 Kxg3 65. e3 1-0

[Event "CZE-ch Open 2019"]
[Site "Ostrava"]
[Date "2019.05.03"]
[Round "7.25"]
[White "Kanakova, Natalie"]
[Black "Jun, Rudolf Jr."]
[Result "1/2-1/2"]
[ECO "A05"]
[WhiteElo "2202"]
[BlackElo "2138"]
[Annotator "NA"]
[PlyCount "141"]
[EventDate "2019.04.27"]
[EventType "swiss"]
[EventCountry "CZE"]
[SourceTitle "playchess.com"]
[Source "ChessBase"]
[SourceQuality "1"]
[TimeControl "40/5400+30:1800+30"]

1. Nf3 Nf6 2. g3 g6 3. b3 Bg7 4. Bb2 O-O 5. Bg2 d6 6. d4 c6 7. O-O Qa5 8. c4 Qh5 {[%emt 0:00:21] E60: King's Indian: Unusual lines and Fianchetto Variation without Nc3} 9. Re1 (9. Nbd2 Bg4 10. Re1 Nbd7 11. Nf1 Bh3 12. Ne3 Ng4 13. Nxg4 Bxg4 14. Qd2 a5 15. d5 Bxb2 16. Qxb2 cxd5 17. cxd5 {½-½ (98) Dreev,A (2664)-Shoker,S (2489) Almaty 2016}) 9... Bh3 10. Nbd2 Bxg2 11. Kxg2 Nbd7 12. e4 e5 13. Nf1 $146 ({Predecessor:} 13. h3 exd4 14. Nxd4 Qa5 15. a3 Qb6 16. N4f3 a5 17. Qc2 Rfe8 {0-1 (30) Eyenghe,S-Balogun,O (2223) Lagos 2014}) 13... Rad8 14. h3 exd4 15. Nxd4 Qa5 16. Qc2 Rfe8 17. Bc3 Qc7 18. Bb2 Qa5 19. Nf3 Nh5 20. Bxg7 Nxg7 21. Ne3 Ne5 22. Nxe5 dxe5 23. Red1 h5 24. Qb2 Ne6 25. b4 Qc7 26. c5 b5 27. Nc2 Ng5 28. Ne3 Nxe4 29. Qc2 Nf6 30. a4 a6 31. axb5 axb5 32. Qe2 Kg7 33. h4 Rd4 34. Nc2 Rxd1 35. Qxd1 Nd5 36. Ra6 Qd7 37. Qf3 e4 38. Qe2 Nc7 39. Ra3 Qd5 40. Ne3 Qd4 41. Nc2 Qe5 42. Qd2 Nd5 43. Ra6 e3 44. fxe3 (44. Nxe3 $17 Qe4+ {[%mdl 64] Double Attack} 45. Kh2) 44... Qe4+ 45. Kh2 Nf6 46. Qe2 $2 (46. Ra1) 46... Ng4+ 47. Kg1 Rd8 48. Ra1 Qe5 49. Kg2 Qc3 50. Ra3 Qb2 51. Kf3 Ne5+ 52. Kf2 Ng4+ 53. Kf3 Re8 54. Qd2 Re5 $2 (54... Qf6+ $19 {has better winning chances.} 55. Kg2 Qf5) 55. Qc3 Qxc3 56. Rxc3 Rf5+ 57. Ke2 Rf2+ 58. Kd3 (58. Ke1 $17) 58... Ne5+ 59. Ke4 Nc4 60. Ne1 f5+ 61. Kd4 Kf6 62. Rc2 Rf1 63. Re2 Rg1 64. Ng2 $1 $11 {[%emt 0:00:03] and White is okay.} Ne5 65. Kc3 Nc4 $2 (65... Rc1+ $19 66. Kb3 Rf1) 66. Kd3 $2 Ke5 $2 ({Black should try} 66... Rd1+ $19 67. Kc3 Rc1+ 68. Rc2 Ra1) 67. e4 $1 fxe4+ $11 (67... Kf6 $5 68. exf5 Kxf5 69. Ne3+ Nxe3 70. Rxe3 Rd1+ 71. Kc2 Rd4 72. Rf3+ Ke5 $15) 68. Rxe4+ Kf5 69. Rf4+ Ke5 70. Re4+ Kf5 71. Rf4+ 1/2-1/2

[Event "CZE-ch Open 2019"]
[Site "Ostrava"]
[Date "2019.05.03"]
[Round "7.26"]
[White "Vesselovsky, Serguei"]
[Black "Bures, Martin"]
[Result "1-0"]
[ECO "C17"]
[WhiteElo "2335"]
[BlackElo "2150"]
[Annotator "NA"]
[PlyCount "115"]
[EventDate "2019.04.27"]
[EventType "swiss"]
[EventCountry "CZE"]
[SourceTitle "playchess.com"]
[Source "ChessBase"]
[SourceQuality "1"]
[TimeControl "40/5400+30:1800+30"]

1. e4 e6 2. d4 d5 3. Nc3 Bb4 4. e5 c5 5. Bd2 Ne7 6. Nce2 {[%emt 0:01:16] C17: French: 3 Nc3 Bb4 4 e5 c5 sidelines} Bxd2+ 7. Qxd2 b6 8. f4 Ba6 9. Nf3 Nbc6 10. c3 Rc8 (10... O-O 11. g4 f6 12. Ng3 Bxf1 13. Rxf1 fxe5 14. dxe5 {1-0 (43) Navara,D (2725)-Movsesian,S (2673) Prague 2016}) 11. O-O-O cxd4 $146 ({Predecessor:} 11... O-O 12. Kb1 Na5 13. Ng3 Bxf1 14. Rhxf1 {½-½ (39) Radovic,J (2330)-Haria,R (2398) Mamaia 2017}) 12. Nexd4 Bxf1 13. Rhxf1 Nxd4 14. Nxd4 g6 15. g4 Nc6 16. Nxc6 Rxc6 17. f5 Qe7 18. Qh6 Qf8 19. Qe3 Qe7 20. Kb1 Qh4 21. Qf3 O-O 22. fxe6 Rxe6 23. Rxd5 Qe7 24. Qf4 f6 25. Qc4 Kg7 26. Rfd1 Rf7 27. Rd7 Qe8 28. Qc7 Rfe7 29. exf6+ Kxf6 30. Qf4+ Kg7 31. Qd4+ Kh6 32. Qd2+ Kg7 33. a3 Qf7 34. Qd4+ Kh6 35. Qd2+ Kg7 36. Rxe7 Rxe7 37. Qd4+ Kh6 38. Qd2+ g5 39. h4 Qg6+ 40. Ka1 Re5 41. Qd8 gxh4 42. Rd6 Re1+ 43. Ka2 Re6 44. Qxh4+ Kg7 45. Rd7+ Kg8 46. Rd8+ Kg7 47. Qf2 Rf6 $2 (47... Re8 48. Rd7+ Kg8 49. Rxa7 Qe6+ 50. b3 Qe2+ 51. Qxe2 Rxe2+ 52. Kb1 Rg2) 48. Rd7+ Kg8 49. Qd4 Rf8 50. Rxa7 b5 51. c4 bxc4 52. Qxc4+ Kh8 53. Qc3+ Kg8 54. Qc4+ $2 ({White should play} 54. Qb3+ $18 Kh8) 54... Kh8 55. Qd4+ Kg8 (55... Qf6 56. Qd7) 56. Qd5+ Kh8 57. g5 Qf5 58. Qd4+ 1-0

[Event "CZE-ch Open 2019"]
[Site "Ostrava"]
[Date "2019.05.03"]
[Round "7.27"]
[White "Michenka, Jozef"]
[Black "Valencik, Jozef"]
[Result "1/2-1/2"]
[ECO "D53"]
[WhiteElo "2287"]
[BlackElo "2057"]
[Annotator "NA"]
[PlyCount "71"]
[EventDate "2019.04.27"]
[EventType "swiss"]
[EventCountry "CZE"]
[SourceTitle "playchess.com"]
[Source "ChessBase"]
[SourceQuality "1"]
[TimeControl "40/5400+30:1800+30"]

1. d4 d5 2. c4 e6 3. Nc3 Nf6 4. Bg5 Be7 5. e3 h6 6. Bh4 Nbd7 7. Nf3 O-O 8. Rc1 b6 9. cxd5 exd5 10. Be2 Bb7 11. O-O a6 12. Bg3 Rc8 13. Ne5 c5 14. f4 b5 15. b3 c4 16. bxc4 dxc4 17. Bf3 Qb6 18. e4 Rfd8 19. Bf2 Qa5 20. Nxf7 Kxf7 21. e5 Bxf3 22. Qxf3 b4 23. exf6 Nxf6 24. Ne4 Nxe4 25. Qxe4 Qd5 26. Qh7 Rh8 27. Qc2 Bf6 28. Rfe1 a5 29. Re5 Qd7 30. Rxa5 Rhe8 31. Rd1 Qd6 32. g3 Qe6 33. Re1 Qd7 34. Rd1 Qe6 35. Re1 Qd7 36. Rd1 1/2-1/2